 Dungeon Crawl Stone Soup version 0.29.1-13-g9f3cf754e1 (webtiles) character file.

Game seed: 18423225627643583323

2220 soursprite the Basher (level 9, -9/57 HPs)
             Began as a Gargoyle Fighter on Jan 28, 2023.
             Was an Elder of Makhleb.
             Killed by an exploding kobold (25 damage)
             ... ignited by their inner flame
             ... on level 6 of the Dungeon.
             The game lasted 00:41:03 (7011 turns).

soursprite the Basher (Gargoyle Fighter)            Turns: 7011, Time: 00:41:03

Health: -9/57      AC: 19    Str: 24    XL:     9   Next: 35%
Magic:  9/9        EV: 12    Int:  9    God:    Makhleb [****..]
Gold:   226        SH:  0    Dex:  9    Spells: 8/8 levels left

rFire   x . .      SeeInvis .   a - +3 flail (vorpal)
rCold   + + .      Faith    .   t - orb {*Rage}
rNeg    + . .      Spirit   .   s - +3 ring mail {rC+}
rPois   ∞          Reflect  .   k - +0 helmet
rElec   +          Harm     .   E - +0 cloak
rCorr   .          Rampage  .   (no gloves)
Will    .....      Rage     20% z - +0 pair of boots
Stlth   +.........              (no amulet)
HPRegen 0.19/turn               l - ring of ice
MPRegen 0.11/turn               e - ring of flight

@: on berserk cooldown, flying, hasted and slowed
A: sickness immunity, AC +6, negative energy resistance 1, electricity
resistance, torment resistance 1, petrification resistance
a: Renounce Religion, Minor Destruction, Lesser Servant of Makhleb, Major
Destruction


You were on level 6 of the Dungeon.
You worshipped Makhleb.
Makhleb was greatly pleased with you.
You visited 1 branch of the dungeon, and saw 6 of its levels.
You also visited: Sewer and Ossuary.

You collected 307 gold pieces.
You spent 81 gold pieces at shops.

Inventory:

Hand Weapons
 a - a +3 vorpal flail (weapon)
 f - a +0 short sword of protection
 p - a +0 vampiric hand axe
Armour
 b - a +1 scale mail
 c - a +0 buckler
 k - a +0 helmet (worn)
 s - a +3 ring mail of cold resistance (worn)
 t - an orb of wrath (worn)
 z - a +0 pair of boots (worn)
 E - a +0 cloak (worn)
Jewellery
 e - a ring of flight (right hand)
 l - a ring of ice (left hand)
Wands
 i - a wand of mindburst (17) (quivered)
Scrolls
 j - a scroll of magic mapping
 o - a scroll of blinking
 q - a scroll of immolation
 u - a scroll of fear {unknown}
 v - 2 scrolls of identify
 C - 3 scrolls of teleportation
 D - a scroll of brand weapon
Potions
 d - 2 potions of might
 g - 4 potions of curing
 h - 2 potions of heal wounds
 m - a potion of attraction
 n - a potion of berserk rage
 r - a potion of haste
 w - a potion of lignification {unknown}
 x - a potion of ambrosia {unknown}
 A - 2 potions of mutation
 B - a potion of cancellation {unknown}


   Skills:
 + Level 7.2 Fighting
 - Level 0.7 Short Blades
 + Level 8.6 Maces & Flails
 + Level 7.1 Armour
 + Level 4.2 Dodging
 + Level 0.9 Stealth
 + Level 5.8 Shields


You had 8 spell levels left.
You didn't know any spells.
Your spell library contained the following spells:

 Spells                   Type           Power      Damage    Failure   Level
 Apportation              Tloc           0%         N/A       52%         1
 Necrotise                Necr           0%         1d4       52%         1
 Summon Small Mammal      Summ           0%         N/A       52%         1


Dungeon Overview and Level Annotations

Branches:
Dungeon (6/15)              Sewer (visited)         Ossuary (visited)
 Temple: D:4-7

Altars:
Makhleb
Vehumet

Shops:
D:2 *


Innate Abilities, Weirdness & Mutations

You are immune to sickness and miasma.
Your stone body is resilient. (AC +6)
You are immune to poison.
You resist negative energy. (rN+)
You are resistant to electric shocks. (rElec)
You are resistant to unholy torment.
You are immune to petrification.


Message History

You feel much better.
The howler monkey hits you but does no damage.
The orc hits you but does no damage. The kobold hits you but does no damage.
The kobold barely misses you.
The wight hits you from afar with a +5 halberd.
The wight hits you but does no damage.
The orc priest hits you but does no damage.
You thump the wight!
Flame seeps out of the wight. x2
The wight is severely damaged.
The howler monkey misses you. The orc closely misses you.
The kobold hits you but does no damage. The kobold closely misses you.
The wight is engulfed in blazing flames.
Makhleb accepts your kill.
The wight explodes!
The fiery explosion engulfs you!!! The fire burns you terribly!
Ouch! That really hurt!
* * * LOW HITPOINT WARNING * * *
The fiery explosion engulfs the orc!!
Makhleb accepts your kill.
The fiery explosion engulfs the wight!!!
Makhleb accepts your kill.
You feel better.
The fiery explosion engulfs the kobold!!!
Makhleb accepts your kill.
The fiery explosion engulfs the wight!!!
Makhleb accepts your kill.
The fiery explosion engulfs the orc!!!
Makhleb accepts your kill.
You feel better.
The fiery explosion engulfs the orc!!!
Makhleb accepts your kill.
You feel better.
The orc explodes! x2
The fiery explosion engulfs the kobold!!
Makhleb accepts your kill.
You feel better.
The kobold explodes!
The fiery explosion engulfs the wight!!
Makhleb accepts your kill.
You feel better. The fiery explosion engulfs you!! The fire burns you terribly!
You die...

#....^.#......
##.............
............)
#..........
#........#
#....§.§.####
#...oh§§§...#
#...)@§§....#
#.###§○§§...#
##§§§.....
#.§§...##
#......#
#......#
#......#
.......#
.z......


You could see a howler monkey (inner flame, catching breath) and an orc priest
(inner flame).

Vanquished Creatures
  The ghost of cheesebisquit the Shooter, an amateur MiHu (D:4)
  Sigmund (D:4)
  The ghost of middlethird the Cudgeller, an amateur MeFi (D:3)
  Menkaure (D:5)
  An ice beast (D:5)
  A phantom (D:4)
  4 elf zombies (Ossuary)
  3 kobold brigands
  Blork the orc (D:5)
  The ghost of FexLirch the Sneak, an amateur SpBr (D:3)
  A necrophage (D:5)
  A scorpion (D:5)
  5 wights (D:6)
  The ghost of promet the Conjurer, a weakling DECj (D:3)
  2 jellies
  An orc priest (D:3)
  2 hounds
  An orc wizard (D:4)
  4 iguanas
  A hound zombie (Ossuary)
  3 mummies (Ossuary)
  Robin (D:4)
  A river rat (Sewer)
  13 adders
  3 adder zombies (Ossuary)
  A worm (D:3)
  2 dart slugs (D:1)
  11 orcs
  2 bats (D:2)
  9 endoplasms
  6 giant cockroaches
  2 gnoll zombies (Ossuary)
  14 goblins
  4 hobgoblins
  4 jackals (Sewer)
  7 quokkas
  4 ball pythons
  6 frilled lizards
  3 goblin zombies (Ossuary)
  2 hobgoblin zombies (Ossuary)
  5 jackal zombies (Ossuary)
  17 kobolds
  4 kobold zombies (Ossuary)
  2 orc zombies (Ossuary)
  5 quokka zombies (Ossuary)
  7 rats
  3 rat zombies (Ossuary)
175 creatures vanquished.

Vanquished Creatures (others)
  A fungus (D:1)
  11 plants
12 creatures vanquished.

Grand Total: 187 creatures vanquished

Notes
Turn   | Place    | Note
-------+----------+-------------------------------------------
     0 | D:1      | soursprite the Gargoyle Fighter began the quest for the
                  | Orb.
     0 | D:1      | Reached XP level 1. HP: 14/14 MP: 1/1
   362 | D:1      | Reached XP level 2. HP: 19/19 MP: 2/2
   866 | D:1      | Reached skill level 5 in Fighting
   866 | D:1      | Reached skill level 4 in Maces & Flails
   866 | D:1      | Reached skill level 5 in Armour
   866 | D:1      | Reached skill level 5 in Shields
   867 | D:1      | Reached XP level 3. HP: 26/26 MP: 3/3
  1079 | D:1      | You fall into a shaft and drop 1 floor!
  1160 | D:2      | Reached XP level 4. HP: 29/31 MP: 4/4
  1580 | D:2      | Found Tiynn's Assorted Antiques.
  1589 | D:2      | Bought a buckler for 81 gold pieces
  1758 | D:2      | Found a faded altar of an unknown god.
  2283 | D:2      | Prayed at the altar of an unknown god.
  2283 | D:2      | Became a worshipper of Makhleb the Destroyer
  2283 | D:2      | Reached * piety under Makhleb
  2572 | D:3      | Reached XP level 5. HP: 36/36 MP: 5/5
  2773 | D:3      | Found a radiant altar of Vehumet.
  2936 | D:3      | Found a runed translucent gate.
  2936 | D:3      | Found a runed translucent gate.
  2936 | D:3      | Found a runed translucent gate.
  2941 | D:3      | Noticed FexLirch's ghost (amateur SpBr)
  2941 | D:3      | Noticed promet's ghost (weakling DECj)
  2941 | D:3      | Noticed middlethird's ghost (amateur MeFi)
  3620 | D:4      | Noticed Sigmund
  3627 | D:4      | Killed Sigmund
  3628 | D:4      | Reached skill level 5 in Maces & Flails
  3628 | D:4      | Reached XP level 6. HP: 41/41 MP: 6/6
  3632 | D:4      | Noticed cheesebisquit's ghost (amateur MiHu)
  3633 | D:4      | Found a runed translucent gate.
  3634 | D:4      | Found a runed translucent gate.
  3636 | D:4      | Found a runed translucent gate.
  3842 | D:4      | Reached XP level 7. HP: 45/45 MP: 7/7
  3923 | D:4      | Found a sand-covered staircase.
  3928 | Ossuary  | Entered an ossuary
  3951 | Ossuary  | Reached ** piety under Makhleb
  4137 | Ossuary  | Reached skill level 6 in Maces & Flails
  4156 | Ossuary  | Reached *** piety under Makhleb
  4250 | D:4      | Reached XP level 8. HP: 49/51 MP: 8/8
  4593 | D:4      | Noticed Robin
  4606 | D:4      | Killed Robin
  5185 | D:3      | Killed middlethird's ghost
  5186 | D:3      | Reached skill level 7 in Maces & Flails
  5190 | D:3      | Killed FexLirch's ghost
  5193 | D:3      | Killed promet's ghost
  5401 | D:4      | Killed cheesebisquit's ghost
  5523 | D:5      | Entered Level 5 of the Dungeon
  5696 | D:5      | Noticed Blork the orc
  5725 | D:5      | Killed Blork the orc
  5725 | D:5      | Reached **** piety under Makhleb
  5850 | D:5      | Found a glowing drain.
  5870 | Sewer    | Entered a sewer
  6161 | Sewer    | Reached XP level 9. HP: 56/56 MP: 9/9
  6226 | Sewer    | Reached skill level 8 in Maces & Flails
  6657 | D:5      | Noticed Menkaure
  6667 | D:5      | Killed Menkaure
  7011 | D:6      | Killed by an exploding kobold... ignited by their inner
                  | flame

Illustrated notes

Levels and vault maps discovered:
D:1:      tarquinn_simple_flora_water_d, layout_loops_corners, serial_glass,
          glass_columns_b, glass_columns_a, due_unseen_surprise, feat_on_display
D:2:      layout_loops_corners, chequers_ecumenical_altar_lobes, serial_shops,
          nicolae_shop_statue_plus
D:3:      wad_pebble_path, layout_basic, mainiacjoe_overflow_catwalk,
          gammafunk_ghost_cemetery
D:4:      layout_layer_cave, nicolae_ossuary_entry_plus, gammafunk_ghost_split,
          uniq_sigmund, uniq_robin
D:5:      layout_rooms, portal_sewer_entry_f, uniq_menkaure, uniq_blork_the_orc
D:6:      layout_basic, hellmonk_bongcloud_opening

Skill      XL: |  1  2  3  4  5  6  7  8  9 |
---------------+----------------------------+-----
Fighting       | 5 6 7 |  7.2
Maces & Flails | 4 5 6 7 8 |  8.6
Armour         | 5 6 7 |  7.1
Dodging        | 3 4 |  4.2
Shields        | 5 |  5.8
Short Blades   | |  0.7
Stealth        | |  0.9

Action                   |  1- 3 |  4- 6 |  7- 9 || total
-------------------------+-------+-------+-------++-------
Melee: Short sword       |    63 |       |       ||    63
       Flail             |    25 |    98 |   348 ||   471
  Use: Scroll            |     7 |    10 |     8 ||    25
       Potion            |     1 |     1 |     5 ||     7
Armor: Scale mail        |    36 |    34 |       ||    70
       Ring mail         |       |    17 |   238 ||   255
Dodge: Dodged            |    33 |    52 |   264 ||   349
Block: Buckler           |    13 |    14 |       ||    27
